 Dungeon Crawl Stone Soup version 0.24.0-13-gcf9b319 (webtiles) character file.

Game seed: 1425844143576504384, levelgen mode: deterministic

18 Bronimir the Chiller (level 2, 0/19 HPs)
             Began as a Merfolk Ice Elementalist on Mar 30, 2020.
             Killed by nerve-wracking pain
             ... invoked by a shadow imp
              (3 damage)
             ... on level 2 of the Dungeon.
             The game lasted 00:01:53 (1025 turns).

Bronimir the Chiller (Merfolk Ice Elementalist)     Turns: 1025, Time: 00:01:54

Health: 0/19       AC:  4    Str:  8    XL:     2   Next: 66%
Magic:  1/5        EV: 13    Int: 14    God:
Gold:   58         SH:  0    Dex: 14    Spells: 4/5 levels left

rFire    . . .     SeeInvis .   e - +0 whip
rCold    . . .     Gourm    .   (no shield)
rNeg     . . .     Faith    .   a - +0 robe
rPois    .         Spirit   .   n - +1 hat
rElec    .         Reflect  .   g - +0 cloak
rCorr    .         Harm     .   (no gloves)
MR       .....                  (no boots)
Stlth    ++........             (no amulet)
HPRegen  0.06/turn              (no ring)
MPRegen  0.09/turn              (no ring)

@: no status effects
A: change form in water, swift swim, stealthy swim
a: no special abilities


You were on level 2 of the Dungeon.
You were not hungry.

You visited 1 branch of the dungeon, and saw 2 of its levels.

You collected 58 gold pieces.

Inventory:

Hand Weapons
 b - a +0 hunting sling
 e - a +0 whip (weapon)
Missiles
 f - 48 stones
 j - 47 arrows
 k - 11 poisoned darts (quivered)
Armour
 a - a +0 robe (worn)
 g - a +0 cloak (worn)
 n - a +1 hat (worn)
Jewellery
 h - a +1 ring of evasion {unknown}
Scrolls
 d - a scroll of immolation {unknown}
 i - a scroll of magic mapping {unknown}
 m - 3 scrolls of teleportation {unknown}
 o - a scroll of identify {unknown}
Potions
 l - 2 potions of invisibility {unknown}
 q - a potion of flight {unknown}
Comestibles
 c - 2 rations
 p - a chunk of flesh


   Skills:
 * Level 3.0 Dodging
 - Level 2.1 Stealth
 * Level 2.2 Spellcasting
   Level 0.7 Conjurations
 * Level 3.9 Ice Magic


You had 4 spell levels left.
You knew the following spells:

 Your Spells              Type           Power        Failure   Level  Hunger
a - Freeze                Ice            ##..         4%          1    #......

Your spell library contained the following spells:

 Spells                   Type           Power        Failure   Level  Hunger
 Throw Frost              Conj/Ice       #.....       14%         2    ###....
 Ozocubu's Armour         Chrm/Ice       #.......     30%         3    ###....
 Throw Icicle             Conj/Ice       #.......     65%         4    #####..
 Summon Ice Beast         Ice/Summ       #.......     71%         4    #####..


Dungeon Overview and Level Annotations

Branches:
Dungeon (2/15)

Altars:


Message History

Casting: Freeze (safe; 4% risk of failure)
Confirm with . or Enter, or press ? or * to list all spells.
You don't have enough magic to cast that spell.
Unknown command.
You hit the shadow imp but do no damage.
The shadow imp is lightly wounded.
The shadow imp hits you.
You hit the shadow imp but do no damage.
The shadow imp is lightly wounded.
The shadow imp hits you.
You hit the shadow imp.
The shadow imp is moderately wounded.
The shadow imp hits you.
* * * LOW HITPOINT WARNING * * *
The shadow imp completely misses you. The shadow imp barely misses you.
You see here a frilled lizard corpse.
The shadow imp gestures at you. Pain shoots through your body!
You die...

#####..........
...............# ###
.....#..........# ..
.....#..........##.#
..##.#..........#..
..##..............#####.
...###..................
...............#<......#
................@.#
..#...........##..######
...####.......##5#.....#
... ###.......#.#.....#
.. ............†#.....#
. ###................#
#......!####.....#
........## .......
.........# ......#


You could see a shadow imp.

Vanquished Creatures
  A dart slug (D:2)
  2 giant cockroaches (D:1)
  A goblin (D:1)
  A hobgoblin (D:2)
  4 kobolds (D:1)
  A bat (D:1)
  A frilled lizard (D:2)
  5 rats
16 creatures vanquished.

Notes
Turn   | Place    | Note
-------+----------+-------------------------------------------
     0 | D:1      | Bronimir the Merfolk Ice Elementalist began the quest for
                  | the Orb.
     0 | D:1      | Reached XP level 1. HP: 13/13 MP: 3/3
   361 | D:1      | Reached XP level 2. HP: 19/19 MP: 3/5
  1025 | D:2      | Killed from afar by a shadow imp

Levels and vault maps discovered:
D:1:      ncdulo_watergridlock, layout_loops_corners
D:2:      layout_rooms

Skill      XL: |  1  2 |
---------------+-------+-----
Dodging        | 3 |  3.0
Stealth        | |  2.1
Spellcasting   | |  2.2
Conjurations   | |  0.7
Ice Magic      | |  3.9

Action                   || total
-------------------------++-------
Melee: Whip              ||    19
 Cast: Freeze            ||    24
 Stab: Sleeping          ||     1
  Eat: Chunk             ||     1
Armor: Robe              ||    13
Dodge: Dodged            ||    21
